 Dungeon Crawl Stone Soup version 0.30-a0-219-gf2db51d15e (webtiles) character file.

Game seed: 3843466835285214508

44 Decritt the Sneak (level 3, -1/17 HPs)
             Began as a Spriggan Enchanter on Oct 7, 2022.
             Slain by Crazy Yiuf
             ... wielding a +4 quarterstaff of chaos
              (10 damage)
             ... on level 2 of the Dungeon.
             The game lasted 00:03:24 (1544 turns).

Decritt the Sneak (Spriggan Enchanter)              Turns: 1544, Time: 00:03:24

Health: -1/17      AC:  2    Str:  4    XL:     3   Next: 41%
Magic:  5/8        EV: 18    Int: 16    God:
Gold:   72         SH:  0    Dex: 17    Spells: 0/8 levels left

rFire   . . .      SeeInvis +    a - +1 dagger
rCold   . . .      Faith    .    (no shield)
rNeg    . . .      Spirit   .    b - +0 robe
rPois   .          Reflect  .    (helmet restricted)
rElec   .          Harm     .    (no cloak)
rCorr   .          Rampage  .    (gloves unavailable)
Will    .....                    (boots unavailable)
Stlth   +++.......               (no amulet)
HPRegen 0.22/turn                k - ring of flight
MPRegen 0.11/turn                (no ring)

@: confusing by touch, flying, very quick
A: very small, no large weapons, unfitting armour, see invisible, speed 3
a: no special abilities


You were on level 2 of the Dungeon.
You visited 1 branch of the dungeon, and saw 2 of its levels.

You collected 72 gold pieces.

Inventory:

Hand Weapons
 a - a +1 dagger (weapon)
Missiles
 j - a throwing net (quivered)
Armour
 b - a +0 robe (worn)
Jewellery
 k - a ring of flight (left hand)
Scrolls
 d - a scroll of amnesia {unknown}
 f - a scroll of poison {unknown}
 g - 2 scrolls of identify {unknown}
 h - 3 scrolls of blinking {unknown}
 i - 2 scrolls of teleportation {unknown}
 m - a scroll of vulnerability {unknown}
Potions
 c - 2 potions of invisibility
 e - 2 potions of attraction {unknown}
 l - a potion of lignification {unknown}


   Skills:
 + Level 0.6 Fighting
 + Level 1.8 Short Blades
 + Level 3.2 Dodging
 + Level 5.0 Stealth
 + Level 3.1 Spellcasting
 + Level 4.0 Hexes


You couldn't memorise any spells.
You knew the following spells:

 Your Spells              Type           Power      Damage    Failure   Level
a - Confusing Touch       Hex            15%        N/A       11%         3
b - Dazzling Flash        Conj/Hex       16%        N/A       24%         3
c - Ensorcelled Hibernat  Hex/Ice        16%        N/A       12%         2

Your spell library contained the following spells:

 Spells                   Type           Power      Damage    Failure   Level
 Tukima's Dance           Hex            15%        N/A       11%         3


Dungeon Overview and Level Annotations

Branches:
Dungeon (2/15)

Altars:

Shops:
D:2 =

Annotations:
D:2 Crazy Yiuf


Innate Abilities, Weirdness & Mutations

You are very small and have problems with some larger weapons.
You are too small for most types of armour.
You have supernaturally acute eyesight. (SInv)
You cover ground extremely quickly. (Speed+++)


Message History

Memorise Dazzling Flash, consuming 3 spell levels and leaving 2?
You start memorising the spell.
You continue memorising. x3
You finish memorising.
Spell assigned to 'b'.
Memorise Ensorcelled Hibernation, consuming 2 spell levels and leaving 0?
You start memorising the spell.
You continue memorising. x2
You finish memorising.
Spell assigned to 'c'.
Unknown command.
You now have 72 gold pieces (gained 2).
You reach down and open the door.
Found Yrom Rei's Jewellery Emporium.
There is an open door here.
There is an entrance to Yrom Rei's Jewellery Emporium here.
You can access your shopping list by pressing '$'.
There is an open door here.
Found two slings.
You see here a +0 sling.
You see here a +0 sling.
Found a hammer.
Found a runed translucent door.
You see here a +0 sling.
You see here a +0 sling.
Key pressed, stopping explore.
Cast which spell? (? or * to list)
Okay, then.
You see here a +0 sling.
You see here a +0 sling.
You reach down and open the door.
Crazy Yiuf shouts!
Crazy Yiuf cries, "Seed!
Leather wrapper infinity."
Cast which spell? (? or * to list)
The spell is extremely dangerous to miscast (11% risk of failure)!
Continue anyway? [Y]es or [N]o only, please.
The spell is extremely dangerous to miscast (11% risk of failure)!
Continue anyway?
Your hands begin to glow red.
You hit Crazy Yiuf but do no damage.
Crazy Yiuf hits you with a +4 quarterstaff of chaos!
Crazy Yiuf burns you.
You hit Crazy Yiuf but do no damage.
Crazy Yiuf hits you with a +4 quarterstaff of chaos!
Ouch! That really hurt!
You die...

.........#
#.#
.<[......#
###
.........###
...........#
#####
####..######
#..)#
...♣♣.♣
#...#
###♣..♣♣####
...
...♣♣.♣♣...#
#g#
###♣♣..♣#.##
##@# ♣.♣♣#.#
#.## #
#.....# ##.#
# #####.#
#.## # #)#
##.## # #)#
#.P.## # #.#
#..PP# # #.#
#....# #
#.####....#


You could see Crazy Yiuf.

Vanquished Creatures
  2 adders (D:2)
  4 ball pythons
  2 endoplasms (D:1)
  A goblin (D:2)
  5 hobgoblins
  4 kobolds
  A quokka (D:1)
  2 bats
  2 frilled lizards
  4 rats
27 creatures vanquished.

Notes
Turn   | Place    | Note
-------+----------+-------------------------------------------
     0 | D:1      | Decritt the Spriggan Enchanter began the quest for the Orb.
     0 | D:1      | Reached XP level 1. HP: 9/9 MP: 5/5
   291 | D:1      | Reached XP level 2. HP: 13/13 MP: 6/6
   374 | D:1      | Found a faded altar of an unknown god.
   992 | D:2      | Reached XP level 3. HP: 17/17 MP: 8/8
  1322 | D:2      | Reached skill level 5 in Stealth
  1354 | D:2      | Learned a level 3 spell: Confusing Touch
  1358 | D:2      | Learned a level 3 spell: Dazzling Flash
  1361 | D:2      | Learned a level 2 spell: Ensorcelled Hibernation
  1369 | D:2      | Found Yrom Rei's Jewellery Emporium.
  1419 | D:2      | Found a runed translucent door.
  1420 | D:2      | Noticed Crazy Yiuf
  1544 | D:2      | Slain by Crazy Yiuf

Illustrated notes

Levels and vault maps discovered:
D:1:      spicycebolla_green_bress_n_ham, layout_basic,
          ebering_ecumenical_altar_mist, fountainhead, nrook_mini_backslash
D:2:      layout_basic, serial_shops, nicolae_shop_window_shopping,
          serial_forest, infiniplex_forest_straight_4,
          infiniplex_forest_lined_2, infiniplex_forest_fountain,
          infiniplex_forest_zigzag_1, infiniplex_forest_end_1,
          infiniplex_forest_zigzag_1, minivault_5, reono_crystal_passage,
          uniq_crazy_yiuf_cottage

Skill      XL: |  1  2  3 |
---------------+----------+-----
Spellcasting   | 3 |  3.1
Dodging        | 3 |  3.2
Stealth        | 5 |  5.0
Hexes          | 4 |  4.0
Fighting       | |  0.6
Short Blades   | |  1.8

Action                   || total
-------------------------++-------
Melee: Dagger            ||    92
 Cast: Confusing Touch   ||     1
 Stab: Sleeping          ||    11
Armor: Robe              ||     6
Dodge: Dodged            ||    71

Table legend: (Time is in decaauts)
 A = Elapsed time spent in this place.
 B = Non-inter-level travel time spent in this place.
 C = Inter-level travel time spent in this place.
 D = Time resting spent in this place.
 E = Time spent auto-exploring this place.
 F = Levels seen in this place.
 G = Mean time per level.
                   A        B        C        D        E       F      G
               +--------+--------+--------+--------+--------+-----+--------+
         Total |   1003 |    954 |     49 |     28 |    729 |   2 |  501.5 |
       Dungeon |   1003 |    954 |     49 |     28 |    729 |   2 |  501.5 |
               +--------+--------+--------+--------+--------+-----+--------+

Top non-repeatable levels by time:
     D:2: 544 daAuts
     D:1: 459 daAuts
